 Dungeon Crawl Stone Soup version 0.30-a0-141-g30f27751c5 (webtiles) character file.

Game seed: 12273340572619129754

70 qw the Chopper (level 4, -2/28 HPs)
             Began as a Gargoyle Fighter on Sept 25, 2022.
             Slain by Sigmund
             ... wielding a +0 scythe
              (7 damage)
             ... on level 2 of the Dungeon.
             The game lasted 00:00:30 (1205 turns).

qw the Chopper (Gargoyle Fighter)                   Turns: 1205, Time: 00:00:30

Health: -2/28      AC: 12    Str: 21    XL:     4   Next: 22%
Magic:  4/4        EV:  9    Int:  9    God:
Gold:   61         SH:  4    Dex:  9    Spells: 3/3 levels left

rFire   . . .      SeeInvis .    a - +0 war axe
rCold   . . .      Faith    .    c - +0 buckler
rNeg    + . .      Spirit   .    b - +0 scale mail
rPois   inf        Reflect  .    (no helmet)
rElec   +          Harm     .    (no cloak)
rCorr   .          Rampage  .    g - +0 pair of gloves
Will    .....                    f - +0 pair of boots
Stlth   ..........               (no amulet)
HPRegen 0.09/turn                (no ring)
MPRegen 0.09/turn                (no ring)

@: no status effects
A: sickness immunity, AC +3, negative energy resistance 1, electricity
resistance, torment resistance 1, petrification resistance
a: no special abilities


You were on level 2 of the Dungeon.
You visited 1 branch of the dungeon, and saw 2 of its levels.

You collected 61 gold pieces.


Innate Abilities, Weirdness & Mutations

You are immune to sickness and miasma.
Your stone body is resilient. (AC +3)
You are immune to poison.
You resist negative energy. (rN+)
You are resistant to electric shocks. (rElec)
You are resistant to unholy torment.
You are immune to petrification.


   Skills:
 - Level 3.2 Fighting
 + Level 4.0 Axes
 - Level 3.2 Armour
 - Level 3.2 Shields


You had 3 spell levels left.
You didn't know any spells.
Your spell library was empty.

Inventory:

Hand Weapons
 a - a +0 war axe (weapon)
 j - a +0 flail
Armour
 b - a +0 scale mail (worn)
 c - a +0 buckler (worn)
 f - a +0 pair of boots (worn)
 g - a +0 pair of gloves (worn)
 h - a +0 helmet
Potions
 d - a potion of might
 e - a potion of mutation {unknown}
 i - a potion of curing {unknown}
 k - a potion of haste {unknown}

Dungeon Overview and Level Annotations

Branches:
Dungeon (2/15)

Altars:

Annotations:
D:2 Sigmund


Message History

The endoplasm is severely wounded.
The endoplasm freezes you.
You are frozen.
Sigmund gestures at you while chanting.
The puff of flame hits you but does no damage.
You slash the endoplasm!
You kill the endoplasm!
Sigmund hits you from afar with a +0 scythe.
You slash Sigmund!
Sigmund is moderately wounded.
Sigmund hits you with a +0 scythe!
You closely miss Sigmund.
Sigmund is moderately wounded.
Sigmund casts a spell at you.
You are confused.
You bump into the rock wall.
Sigmund closely misses you. Sigmund attacks as you move away!
Sigmund barely misses you. Sigmund barely misses you.
Sigmund barely misses you.
You feel less confused.
You slash Sigmund!
Sigmund is severely wounded.
Sigmund points at you and mumbles some strange words.
You are confused.
Sigmund gestures at you while chanting. The magic dart hits you.
You're too confused to move!
Sigmund casts a spell at you.
The magic dart hits you but does no damage.
Sigmund barely misses you.
You bump into the rock wall.
Sigmund hits you but does no damage.
You bump into the rock wall.
Sigmund gestures at you while chanting. The puff of flame hits you!
You feel less confused.
Sigmund flickers, as though insubstantial.
Sigmund hits you from afar with a +0 scythe!
You die...

#####....# ##.# #..#.#.#.
#.....# ##..## #........
....# ##....###..#.##..
.....# ##..##.##.....##..
......#+#.....>....#####..
#....+..#.##.###.#####..
#....#.##............
#.#..#.#.####..........
#...@.@..# #.........#
....#..##.## #..........
.>......##...# #..........
####..........##..........
#............########...
#............# ...
#............#
##..........## #....#.....


You could see Sigmund.

Vanquished Creatures
  Robin (D:2)
  An adder (D:2)
  A gnoll (D:1)
  A dart slug (D:1)
  2 endoplasms
  7 hobgoblins
  2 quokkas (D:1)
  3 ball pythons
  2 bats (D:1)
  2 frilled lizards (D:1)
  11 goblins
  3 kobolds (D:1)
  2 rats
38 creatures vanquished.

Notes
Turn   | Place    | Note
-------+----------+-------------------------------------------
     0 | D:1      | qw the Gargoyle Fighter began the quest for the Orb.
     0 | D:1      | Reached XP level 1. HP: 14/14 MP: 1/1
     0 | D:1      | 0 ||| qw: Version: 0.2-a-10-g399e6c4
     0 | D:1      | 0 ||| qw: Game counter: 109
     0 | D:1      | 0 ||| qw: Always use a shield: true
     0 | D:1      | 0 ||| qw: God list: Okawaru
     0 | D:1      | 0 ||| qw: Allow faded altars: false
     0 | D:1      | 0 ||| qw: Do Orc after D:15 true
     0 | D:1      | 0 ||| qw: Do second Lair branch before Depths: true
     0 | D:1      | 0 ||| qw: Lair rune preference: random
     0 | D:1      | 0 ||| qw: Plans: Normal, Zot:1-4, God:TSO, Crypt, Tomb,
                  | Pan, Slime:5, Hells, Abyss, Orb
     0 | D:1      | 0 ||| PLANNING D:1-11
   132 | D:1      | 132 ||| Stepping ~*~*~tactically~*~*~ (stealth).
   133 | D:1      | 133 ||| Stepping ~*~*~tactically~*~*~ (hiding).
   140 | D:1      | Reached skill level 2 in Axes
   185 | D:1      | Reached XP level 2. HP: 19/19 MP: 2/2
   320 | D:1      | Reached skill level 3 in Axes
   327 | D:1      | 327 ||| DROPPING +0 club.
   480 | D:1      | Reached XP level 3. HP: 23/23 MP: 3/3
   843 | D:1      | 843 ||| UPGRADING to +0 pair of boots.
   848 | D:1      | 848 ||| UPGRADING to +0 pair of gloves.
   907 | D:2      | 907 ||| Stepping ~*~*~tactically~*~*~ (stealth).
   912 | D:2      | 912 ||| Stepping ~*~*~tactically~*~*~ (stealth).
   941 | D:2      | Noticed Robin
   942 | D:2      | 942 ||| Stepping ~*~*~tactically~*~*~ (hiding).
   954 | D:2      | Killed Robin
   964 | D:2      | Reached XP level 4. HP: 15/28 MP: 4/4
   978 | D:2      | 978 ||| Stepping ~*~*~tactically~*~*~ (stealth).
   988 | D:2      | 988 ||| Stepping ~*~*~tactically~*~*~ (stealth).
  1002 | D:2      | 1002 ||| Stepping ~*~*~tactically~*~*~ (stealth).
  1004 | D:2      | 1004 ||| FLEEEEING.
  1007 | D:2      | 1007 ||| FLEEEEING.
  1008 | D:2      | 1008 ||| FLEEEEING.
  1009 | D:2      | 1009 ||| FLEEEEING.
  1010 | D:2      | 1010 ||| FLEEEEING.
  1011 | D:2      | 1011 ||| FLEEEEING.
  1014 | D:2      | 1014 ||| FLEEEEING.
  1015 | D:2      | 1015 ||| FLEEEEING.
  1016 | D:2      | 1016 ||| FLEEEEING.
  1017 | D:2      | 1017 ||| FLEEEEING.
  1018 | D:2      | 1018 ||| FLEEEEING.
  1019 | D:2      | 1019 ||| STAIRDANCE
  1185 | D:2      | Noticed Sigmund
  1186 | D:2      | Reached skill level 4 in Axes
  1186 | D:2      | 1186 ||| Stepping ~*~*~tactically~*~*~ (stealth).
  1187 | D:2      | 1187 ||| Stepping ~*~*~tactically~*~*~ (stealth).
  1204 | D:2      | HP: 5/28 [Sigmund/puff of flame (9)]
  1205 | D:2      | Slain by Sigmund

Levels and vault maps discovered:
D:1:      minmay_arrival_solitary_statue, layout_basic,
          chequers_hall_statues_wall_a, minmay_misc_feat_plants,
          due_unseen_surprise
D:2:      minmay_chambers_of_ones, layout_rooms, basic_ecumenical_altar,
          minivault_14, minmay_door_square, hangedman_decor_riveting,
          serial_park_tiny_2, grunt_decor_arrowhead, uniq_robin, uniq_jessica,
          uniq_sigmund

Skill      XL: |  1  2  3  4 |
---------------+-------------+-----
Axes           | 2 3 4 |  4.0
Fighting       | |  3.2
Armour         | |  3.2
Shields        | |  3.2

Action                   |  1- 3 |  4- 6 || total
-------------------------+-------+-------++-------
Melee: War axe           |    66 |    13 ||    79
Armor: Scale mail        |    40 |     8 ||    48
Dodge: Dodged            |    36 |     8 ||    44
Block: Buckler           |     9 |     2 ||    11

Table legend:
 A = Non-vault XP
 B = Vault XP
 C = Vault XP percentage of total XP
 D = Non-vault monster count
 E = Vault monster count
 F = Vault count percentage of total count
                 A         B        C        D         E       F
            +---------+---------+-------+---------+---------+-------
      Total |      64 |      37 |  36.6 |      25 |      13 |  34.2
            +---------+---------+-------+---------+---------+-------
        D:1 |      39 |       0 |   0.0 |      17 |       0 |   0.0
        D:2 |      25 |      37 |  59.7 |       8 |      13 |  61.9
            +---------+---------+-------+---------+---------+-------
